 Dungeon Crawl Stone Soup version 0.30.1-3-gfc49f6343a (webtiles) character file.

Game seed: 14477338396502529650

2592 Anriel the Slasher (level 9, -3/68 HPs)
             Began as a Human Gladiator on Aug 1, 2023.
             Was a Follower of Okawaru.
             Slain by a gnoll sergeant
             ... wielding a +0 glaive
              (15 damage)
             ... in a bailey.
             The game lasted 00:31:22 (5807 turns).

Anriel the Slasher (Human Gladiator)                Turns: 5807, Time: 00:31:23

Health: -3/68      AC: 20    Str: 13 (15) XL:     9   Next: 89%
Magic:  9/9        EV:  3    Int:  7 (9)  God:    Okawaru [*.....]
Gold:   395        SH:  0    Dex: 17 (18) Spells: 8/8 levels left

rFire   + + +        a - +0 long sword
rCold   + . .        (no shield)
rNeg    . . .        f - +0 plate armour
rPois   +            i - +2 helmet
rElec   +            h - scarf "Ylo Bem" {repulsion, rF+}
rCorr   +            p - +0 pair of gloves
SInv    .            o - +2 pair of boots
Will    .....        t - amulet of regeneration Stlth
                     m - ring of resist corrosion
HPRegen 1.11/turn    x - ring of protection from fire
MPRegen 0.11/turn

%: repel missiles
@: about to teleport, resistant, held
A: no striking features
a: Renounce Religion, Heroism


You were in a bailey.
You worshipped Okawaru.
Okawaru was aware of your devotion.
You visited 2 branches of the dungeon, and saw 8 of its levels.
You also visited: Bailey.

You collected 395 gold pieces.

Inventory:

Hand Weapons
 a - a +0 long sword (weapon)
Missiles
 y - 4 boomerangs (quivered)
Armour
 f - a +0 plate armour (worn)
 h - the scarf "Ylo Bem" (worn) {repulsion, rF+}
   (You found it on level 5 of the Dungeon)

   rF:        It protects you from fire.
 i - a +2 helmet (worn)
 o - a +2 pair of boots (worn)
 p - a +0 pair of gloves (worn)
Jewellery
 m - a ring of resist corrosion (left hand)
 n - a ring of wizardry
 s - a ring of magical power
 t - an amulet of regeneration (around neck)
 v - an amulet of guardian spirit
 x - a ring of protection from fire (right hand)
Wands
 b - a wand of iceblast (11)
 d - a wand of flame (10)
 l - a wand of polymorph (9)
 A - a wand of paralysis (7)
Scrolls
 e - a scroll of noise {unknown}
 g - a scroll of teleportation
 u - a scroll of silence
 w - a scroll of fog
Potions
 j - 3 potions of mutation
 k - a potion of brilliance


   Skills:
 - Level 5.1 Fighting
 + Level 6.3 Long Blades
 + Level 4.7 Throwing
 + Level 6.3 Armour
 - Level 5.2 Dodging
 * Level 5.0 Evocations


You had 8 spell levels left.
You didn't know any spells.
Your spell library contained the following spells:

 Spells                   Type           Power      Damage    Failure   Level
 Apportation              Tloc           0%         N/A       100%        1
 Necrotise                Necr           0%         1d4       100%        1
 Sandblast                Erth           0%         2d4       100%        1
 Ensorcelled Hibernation  Hex/Ice        0%         N/A       100%        2
 Lesser Beckoning         Tloc           0%         N/A       100%        2
 Passwall                 Tmut/Erth      0%         N/A       100%        2
 Gell's Gravitas          Tloc           0%         N/A       100%        3
 Spider Form              Tmut/Pois      0%         N/A       100%        3
 Stone Arrow              Conj/Erth      0%         3d7       100%        3
 Teleport Other           Tloc           0%         N/A       100%        3
 Anguish                  Hex/Necr       0%         N/A       100%        4
 Summon Small Mammal      Summ           Unusable   N/A       N/A         1

Dungeon Overview and Level Annotations

Branches:
Dungeon (7/15)             Temple (1/1) D:6          Bailey (1/1)

Altars:
Cheibriados
Elyvilon
Fedhas
Gozag
Hepliaklqana
Kikubaaqudgha
Makhleb
Nemelex Xobeh
Okawaru
Qazlal
Ru
Sif Muna
Trog
Uskayaw
Vehumet
Wu Jian
Yredelemnul
Zin
The Shining One

Shops:
D:4 :

Annotations:
Bailey Grum


Message History

* * * LOW HITPOINT WARNING * * *
You closely miss the wolf.
The wolf is heavily wounded.
The gnoll is no longer moving quickly.
The wolf bites you but does no damage. x2
The gnoll sergeant hits you from afar with a +0 halberd!
* * * LOW HITPOINT WARNING * * *
You hit the wolf but do no damage.
The wolf is heavily wounded.
The wolf bites you but does no damage.
The gnoll sergeant hits you from afar with a +0 halberd.
* * * LOW HITPOINT WARNING * * *
The wolf bites you but does no damage.
As you read the scroll of teleportation, it crumbles to dust.
You feel strangely unstable. The wolf bites you but does no damage.
The gnoll sergeant barely misses you.
Okay, then.
Okay, then.
You barely miss the wolf.
The wolf is heavily wounded.
The wolf barely misses you. The wolf bites you but does no damage.
The gnoll sergeant hits you but does no damage.
You miss the wolf.
The wolf is heavily wounded.
Your surroundings suddenly seem different.
A gnoll, a wolf, a gnoll bouda and a gnoll sergeant come into view.
The gnoll shouts!
The wolf howls!
The gnoll bouda shouts!
You hear a shout!
You hear a howl!
The gnoll sergeant hits you but does no damage.
The gnoll bouda barks out a call to the hunt!
The gnolls pick up the pace!
A gnoll sergeant comes into view. It is wielding a +0 glaive.
The gnoll throws a throwing net.
The throwing net hits you.
You become entangled in the net!
A gnoll comes into view. It is wielding a +0 trident.
As you read the scroll of teleportation, it crumbles to dust.
You feel strangely unstable.
The gnoll sergeant shouts!
A gnoll comes into view. It is wielding a +0 spear.
The gnoll sergeant hits you from afar with a +0 glaive!
You die... ..#. g.g

.. #g## ##g.g##
##.g...##
#.......# ♣≈
#.@h8...# ♣≈
#.......# ♣≈
##.....## ♣≈
##...## ♣≈ ##'##
♣≈ #...# ♣≈##
#g..# ♣≈.# #.).#
♣≈h######'†'######


You could see 2 gnoll sergeants, a wolf, a gnoll bouda and 3 gnolls.

Vanquished Creatures
  Grinder (D:5)
  Sigmund (D:5)
  Menkaure (D:7)
  A water moccasin (D:7)
  Edmund (D:5)
  2 orc warriors
  A black bear (D:4)
  A sky beast (D:7)
  A wolf (Bailey)
  A centaur (D:6)
  2 phantoms
  2 bullfrogs
  A gnoll sergeant (Bailey)
  A scorpion (D:6)
  A howler monkey (D:5)
  An orc priest (D:3)
  7 hounds
  4 jellies
  Ijyb (D:5)
  2 gnoll boudas (Bailey)
  5 iguanas
  Natasha (thrice) (D:2)
  7 orc wizards
  10 gnolls
  7 adders
  2 white imps
  2 worms (D:3)
  16 orcs
  5 endoplasms
  5 giant cockroaches
  6 goblins
  8 hobgoblins
  4 quokkas
  7 ball pythons
  2 bats (D:3)
  3 frilled lizards
  8 kobolds
  3 rats
136 creatures vanquished.

Notes
Turn   | Place    | Note
-------+----------+-------------------------------------------
     0 | D:1      | Anriel the Human Gladiator began the quest for the Orb.
     0 | D:1      | Reached XP level 1. HP: 16/16 MP: 1/1
   350 | D:1      | Reached skill level 1 in Armour
   350 | D:1      | Reached XP level 2. HP: 22/22 MP: 2/2
   646 | D:2      | Reached XP level 3. HP: 19/28 MP: 3/3
   866 | D:2      | Noticed Natasha
   873 | D:2      | Killed Natasha
   874 | D:2      | Reached XP level 4. HP: 31/34 MP: 4/4
  1051 | D:2      | Noticed Natasha
  1070 | D:2      | Killed Natasha
  1071 | D:2      | Reached XP level 5. HP: 20/40 MP: 5/5
  1301 | D:2      | Noticed Natasha
  1319 | D:2      | Killed Natasha
  1854 | D:3      | Found an opulent altar of Gozag.
  1854 | D:3      | Found a burning altar of Makhleb.
  2127 | D:3      | Reached XP level 6. HP: 44/47 MP: 6/6
  2979 | D:4      | Found Baphiar's Book Boutique.
  3040 | D:4      | Found a glowing silver altar of Zin.
  3099 | D:4      | Reached XP level 7. HP: 53/53 MP: 7/7
  3356 | D:4      | Reached skill level 5 in Long Blades
  3593 | D:5      | Entered Level 5 of the Dungeon
  3772 | D:5      | Reached XP level 8. HP: 54/61 MP: 8/8
  3847 | D:5      | Noticed Edmund
  3857 | D:5      | Killed Edmund
  3961 | D:5      | Noticed Grinder
  3962 | D:5      | Noticed Sigmund
  3981 | D:5      | Paralysed by Grinder for 4 turns
  3997 | D:5      | Killed Grinder
  3998 | D:5      | Reached skill level 5 in Fighting
  3998 | D:5      | Reached skill level 5 in Armour
  3998 | D:5      | Reached skill level 5 in Dodging
  4034 | D:5      | Killed Sigmund
  4035 | D:5      | Reached skill level 1 in Evocations
  4065 | D:5      | Noticed Ijyb
  4078 | D:5      | Killed Ijyb
  4353 | D:5      | Identified the scarf "Ylo Bem" {repulsion, rF+}
  4728 | D:6      | Reached XP level 9. HP: 66/68 MP: 9/9
  4792 | D:6      | Found a staircase to the Ecumenical Temple.
  4890 | Temple   | Entered the Ecumenical Temple
  4962 | Temple   | Became a worshipper of Warmaster Okawaru
  5502 | D:7      | Noticed Menkaure
  5518 | D:7      | Killed Menkaure
  5543 | D:7      | Reached * piety under Okawaru
  5675 | D:7      | Found a flagged portal.
  5688 | Bailey   | Entered a bailey
  5766 | Bailey   | Reached skill level 5 in Evocations
  5775 | Bailey   | Noticed Grum
  5807 | Bailey   | Slain by a gnoll sergeant

Illustrated notes

Levels and vault maps discovered:
D:1:      minmay_arrival_solitary_statue, layout_loops_ring
D:2:      layout_loops_ring, chequers_garden, nrook_loot_triangle,
          kennysheep_nub, skrybe_limestone_x, uniq_natasha
D:3:      minmay_spotlight, layout_loops_ring,
          chequers_temple_overflow_statue_of_worship
D:4:      layout_basic, zin_treasury, serial_shops, shop_statue,
          hangedman_minor_gate_pass
D:5:      layout_gridville, uniq_grinder, uniq_sigmund, uniq_ijyb, uniq_edmund
D:6:      layout_rooms, minmay_temple_entry_gardened_gates
D:7:      layout_basic, enter_bailey_6, grunt_decor_mini_mirrors, uniq_menkaure
Temple:   nicolae_temple_slightly_damp_pantheon
Bailey:   bailey_polearm_gnolls_kennysheep, bailey

Skill      XL: |  1  2  3  4  5  6  7  8  9 |
---------------+----------------------------+-----
Armour         | 1 2 3 4 5 6 |  6.3
Throwing       | 3 4 |  4.7
Fighting       | 3 4 5 |  5.1
Long Blades    | 4 5 6 |  6.3
Dodging        | 5 |  5.2
Evocations     | 2 5 |  5.0

Action                     |  1- 3 |  4- 6 |  7- 9 || total
---------------------------+-------+-------+-------++-------
  Melee: Long sword        |    35 |   188 |   408 ||   631
         Punch             |       |     1 |    11 ||    12
  Throw: Javelin           |    18 |     6 |     9 ||    33
         Throwing net      |       |     3 |     1 ||     4
         Boomerang         |       |       |    12 ||    12
 Invoke: Heroism           |       |       |     1 ||     1
  Evoke: Wand              |       |       |     6 ||     6
    Use: Scroll            |     1 |     7 |     8 ||    16
         Potion            |       |     3 |    12 ||    15
   Stab: Held in net/web   |       |     1 |     1 ||     2
 Armour: Plate armour      |    24 |   141 |   438 ||   603
  Dodge: Dodged            |     7 |    52 |   153 ||   212
